 Dungeon Crawl Stone Soup version 0.30-a0-571-gdf30a72648 (webtiles) character file.

Game seed: 14150594824872612522

929 TrayleKats the Ruffian (level 7, -1/106 HPs)
             Began as a Troll Gladiator on Dec 30, 2022.
             Was a Follower of Okawaru.
             Slain by a hornet (8 damage)
             ... on level 5 of the Dungeon.
             The game lasted 00:05:07 (4025 turns).

TrayleKats the Ruffian (Troll Gladiator)            Turns: 4025, Time: 00:05:08

Health: -1/106     AC:  6    Str: 25    XL:     7   Next: 85%
Magic:  6/6        EV: 11    Int:  1    God:    Okawaru [*.....]
Gold:   1383       SH:  0    Dex: 25    Spells: 6/6 levels left

rFire   . . .      SeeInvis +      - Unarmed
rCold   . . .      Faith    .    (no shield)
rNeg    . . .      Spirit   .    a - +0 robe
rPois   .          Reflect  .    w - +2 hat "Xowaomom" {rCorr Int-3 Dex+8 Stlth-}
rElec   .          Harm     .    (no cloak)
rCorr   +          Rampage  .    (gloves unavailable)
Will    .....                    (boots unavailable) Stlth
                                 b - amulet of the acrobat
HPRegen 1.17/turn                k - +6 ring of dexterity
MPRegen 0.10/turn                m - ring of see invisible

@: berserking, lethally poisoned (-1 -> -9), slowed
A: large, unfitting armour, claws 3, regeneration 1, shaggy fur 1, tough skin 1
a: Renounce Religion, Heroism


You were on level 5 of the Dungeon.
You worshipped Okawaru.
Okawaru was aware of your devotion.
You visited 1 branch of the dungeon, and saw 5 of its levels.

You collected 1383 gold pieces.

Inventory:

Missiles
 c - 4 throwing nets
 d - a large rock
 g - 4 javelins
 i - 8 boomerangs (quivered)
Armour
 a - a +0 robe (worn)
 w - the +2 hat "Xowaomom" (worn) {rCorr Int-3 Dex+8 Stlth-}
   (You acquired it on level 4 of the Dungeon)

   Int:       It affects your intelligence (-3).
   Dex:       It affects your dexterity (+8).
   rCorr:     It protects you from acid and corrosion.
   Stlth:     It makes you less stealthy.
Jewellery
 b - an amulet of the acrobat (around neck)
 k - a +6 ring of dexterity (left claw)
 m - a ring of see invisible (right claw)
 n - a ring of positive energy
Wands
 t - a wand of flame (17)
Scrolls
 f - 5 scrolls of teleportation {unknown}
 h - 6 scrolls of identify {unknown}
 p - 2 scrolls of fog {unknown}
 r - a scroll of amnesia {unknown}
 y - a scroll of fear {unknown}
 A - a scroll of noise {unknown}
 B - a scroll of enchant armour {unknown}
 C - a scroll of blinking {unknown}
 E - a scroll of enchant weapon {unknown}
Potions
 e - a potion of brilliance {unknown}
 j - 2 potions of berserk rage
 l - a potion of magic {unknown}
 o - 5 potions of heal wounds
 q - a potion of ambrosia
 s - 3 potions of might {unknown}
 u - 2 potions of curing {unknown}
 v - 2 potions of attraction {unknown}
 x - a potion of degeneration {unknown}
 z - a potion of cancellation {unknown}
 D - a potion of haste {unknown}


   Skills:
 + Level 4.6 Fighting
 + Level 4.8 Throwing
 - Level 2.4 Dodging
 + Level 6.0 Unarmed Combat


You had 6 spell levels left.
You didn't know any spells.
Your spell library contained the following spells:

 Spells                   Type           Power      Damage    Failure   Level
 Apportation              Tloc           0%         N/A       56%         1
 Beastly Appendage        Tmut           0%         N/A       56%         1
 Necrotise                Necr           0%         1d4       56%         1
 Wereblood                Tmut           0%         N/A       71%         2
 Inner Flame              Hex/Fire       0%         N/A       91%         3
 Spider Form              Tmut/Pois      0%         N/A       91%         3
 Vampiric Draining        Necr           0%         2d6       91%         3
 Cause Fear               Hex            0%         N/A       100%        4
 Agony                    Necr           0%         N/A       100%        5
 Conjure Ball Lightning   Conj/Air       0%         3x3d6     100%        6
 Discord                  Hex            0%         N/A       100%        8
 Disjunction              Tloc           0%         N/A       100%        8
 Summon Small Mammal      Summ           Unusable   N/A       N/A         1

Dungeon Overview and Level Annotations

Branches:
Dungeon (5/15)
 Temple: D:4-7

Altars:
Hepliaklqana
Nemelex Xobeh
Okawaru
Sif Muna

Annotations:
D:5 1 transporter, Newt's ghost, novice DsGl


Innate Abilities, Weirdness & Mutations

You are too large for most types of armour.
You have claws for hands.
Your natural rate of healing is unusually fast.
You are covered in fur. (AC +1)
You have tough skin. (AC +1)


Message History

The killer bee closely misses you.
You mangle the killer bee!!
You kill the killer bee!
Okawaru accepts your kill.
You feel sick.
You feel sick.
q - a potion of ambrosia You feel sick.
There are no items here.
It was a potion of heal wounds.
You feel much better.
You feel sick.
You feel sick.
It was a potion of berserk rage.
A red film seems to cover your vision as you go berserk!
You feel yourself moving faster!
You feel mighty!
You feel sick. The hornet stings you!
You are more poisoned.
You feel yourself slow down.
You scratch the hornet.
The hornet is lightly wounded.
You feel sick. The hornet stings you!
You feel as though you will be slow longer.
You mangle the hornet!!
The hornet is severely wounded.
You feel sick. Newt's ghost hits you! Newt's ghost burns you.
The hornet stings you!
* * * LOW HITPOINT WARNING * * *
You are more poisoned.
You feel as though you will be slow longer.
You closely miss the hornet.
The hornet is severely wounded.
You feel very sick. The hornet stings you!
* * * LOW HITPOINT WARNING * * *
You feel as though you will be slow longer.
Newt's ghost hits you.
* * * LOW HITPOINT WARNING * * *
Newt's ghost burns you.
* * * LOW HITPOINT WARNING * * *
The hornet stings you!
You die...

........#.............# ##.
##..##........##(####.# ##.#
##............##.# #.## ##.##
##.###.####......####..######.##
##.# #.##.....#.......©........##
...# #.##.#.##..#############...#
...# #.##.#.#..#####..©..#####...
##.# #......#.###W†.#...#...###.#
##.# ###...##.##@y#..###..#..##.#
.#.# #...##.###...#.W.#.#.###.#
.#.# #...#...#####..#..### #...
.#.#####......###.#.#...#..y###.#
...#..........##..#!.###..#.y##.#
†.............###...#.?.#..W###.#
.#.............### #($©?y#####..#
.#..####........#############..##
.#..# #...####.......©.......##


You could see a hornet and Newt's ghost.

Vanquished Creatures
  2 ogres
  A phantom (D:5)
  A scorpion (D:5)
  5 killer bees (D:5)
  A howler monkey (D:4)
  2 hounds
  An orc priest (D:3)
  2 jellies
  An iguana (D:5)
  An orc wizard (D:3)
  5 adders
  A white imp (D:5)
  2 worms
  15 orcs
  7 ball pythons
  3 endoplasms
  A giant cockroach (D:1)
  11 goblins
  6 hobgoblins
  8 jackals
  7 kobolds
  6 quokkas
  4 bats
  4 frilled lizards
  5 rats
102 creatures vanquished.

Notes
Turn   | Place    | Note
-------+----------+-------------------------------------------
     0 | D:1      | TrayleKats the Troll Gladiator began the quest for the Orb.
     0 | D:1      | Reached XP level 1. HP: 19/19 MP: 0/0
    19 | D:1      | Reached XP level 2. HP: 28/28 MP: 1/1
   455 | D:1      | Reached XP level 3. HP: 35/35 MP: 2/2
   976 | D:2      | Found a hazy altar of Hepliaklqana.
  1798 | D:3      | Reached XP level 4. HP: 44/44 MP: 3/3
  2115 | D:3      | Reached skill level 4 in Unarmed Combat
  2132 | D:3      | Reached XP level 5. HP: 7/52 MP: 4/4
  2439 | D:3      | Found a shimmering blue altar of Sif Muna.
  2753 | D:4      | Identified 2 scrolls of acquirement
  2753 | D:4      | Acquired the +2 hat "Xowaomom" {rCorr Int-3 Dex+8 Stlth-}
  2766 | D:4      | Acquired 1132 gold pieces
  3095 | D:4      | Reached XP level 6. HP: 61/61 MP: 5/5
  3293 | D:5      | Entered Level 5 of the Dungeon
  3305 | D:5      | Reached skill level 5 in Unarmed Combat
  3349 | D:5      | Found a transporter.
  3360 | D:5      | Noticed a hornet
  3362 | D:5      | Found a transporter.
  3460 | D:5      | Found a sparkling altar of Nemelex Xobeh.
  3477 | D:5      | Found an iron altar of Okawaru.
  3502 | D:5      | Became a worshipper of Warmaster Okawaru
  3719 | D:5      | Reached XP level 7. HP: 62/70 MP: 6/6
  3764 | D:5      | Noticed Newt's ghost (novice DsGl)
  3988 | D:5      | Reached * piety under Okawaru
  3996 | D:5      | Reached skill level 6 in Unarmed Combat
  4025 | D:5      | Slain by a hornet

Illustrated notes

Levels and vault maps discovered:
D:1:      scummos_arrival_hexagon, layout_loops_ring, minmay_misc_feat_rows,
          grunt_decor_cap, minivault_19, corexii_corridor_pit,
          hangedman_decor_peaks_small
D:2:      layout_basic, basic_altar, minivault_4
D:3:      layout_basic, lemuel_tele_altar, nicolae_hexahallways,
          grunt_ministairs_10
D:4:      layout_rooms, serial_corexii_hall, corexii_hall_statues_s,
          corexii_hall_statues_x, corexii_hall_statues_x,
          chequers_hall_statues_corner_a, corexii_checkpoint_b,
          skrybe_limestone_x
D:5:      layout_loops_cross, mainiacjoe_overflow_swirl, gammafunk_ghost_hive,
          minmay_fractal_squares_gapless_5

Skill      XL: |  1  2  3  4  5  6  7 |
---------------+----------------------+-----
Fighting       | 2 3 4 |  4.6
Throwing       | 2 3 4 |  4.8
Unarmed Combat | 4 5 6 |  6.0
Dodging        | |  2.4

Action                   |  1- 3 |  4- 6 |  7- 9 || total
-------------------------+-------+-------+-------++-------
Melee: Unarmed           |   100 |   114 |    33 ||   247
       Punch             |       |     2 |     2 ||     4
Throw: Javelin           |       |     2 |       ||     2
       Boomerang         |       |     2 |       ||     2
       Throwing net      |       |     1 |       ||     1
  Use: Scroll            |       |     2 |       ||     2
       Potion            |       |       |     3 ||     3
 Stab: Sleeping          |     2 |       |       ||     2
       Held in net/web   |       |     1 |       ||     1
Armor: Robe              |    45 |    22 |    15 ||    82
Dodge: Dodged            |    47 |    52 |    42 ||   141

Table legend: (Time is in decaauts)
 A = Elapsed time spent in this place.
 B = Non-inter-level travel time spent in this place.
 C = Inter-level travel time spent in this place.
 D = Time resting spent in this place.
 E = Time spent auto-exploring this place.
 F = Levels seen in this place.
 G = Mean time per level.
                   A        B        C        D        E       F      G
               +--------+--------+--------+--------+--------+-----+--------+
         Total |   4003 |   3873 |    130 |      0 |   3248 |   5 |  800.6 |
       Dungeon |   4003 |   3873 |    130 |      0 |   3248 |   5 |  800.6 |
               +--------+--------+--------+--------+--------+-----+--------+

Top non-repeatable levels by time:
     D:3: 962 daAuts
     D:1: 843 daAuts
     D:2: 830 daAuts
     D:5: 724 daAuts
     D:4: 641 daAuts
